 Dungeon Crawl Stone Soup version 0.28-a0-620-g539b0f7ac7 (webtiles) character file.

Game seed: 11073516896946944109

193339 porpoise the Eclecticist (level 17, -6/96 HPs)
             Began as a Deep Elf Conjurer on Oct 6, 2021.
             Was a High Priest of Vehumet.
             Mangled by a bunyip (24 damage)
             ... on level 2 of the Lair of Beasts on Oct 7, 2021.
             The game lasted 04:10:03 (57664 turns).

porpoise the Eclecticist (Deep Elf Conjurer)       Turns: 57664, Time: 04:10:06

Health: -6/96      AC: 12    Str:  9 (11) XL:     17   Next: 64%
Magic:  35/49      EV: 19    Int: 26 (27) God:    Vehumet [*****.]
Gold:   1082       SH:  8    Dex: 22 (24) Spells: 11/51 levels left

rFire   + . .      SeeInvis .   a - +1 fustibalus
rCold   + . .      Faith    .   A - +2 buckler {reflect}
rNeg    . . .      Spirit   .   s - +2 robe {rC+ rF+}
rPois   +          Reflect  +   y - +2 helmet
rElec   .          Harm     .   Y - +0 cloak
rCorr   .          Rampage  .   (no gloves)
Will    ++...                   x - +2 pair of boots
Stlth   ++++......              L - amulet of Gurel {RegenMP Str+3 Dex+7}
HPRegen 0.26/turn               J - ring of the Empty Page {Will+ MP+9 Dex+4}
MPRegen 0.56/turn               h - ring of poison resistance

@: studying Long Blades
A: no striking features
}: 1/15 runes: gossamer
a: Renounce Religion


You were on level 2 of the Lair of Beasts.
You worshipped Vehumet.
Vehumet was extremely pleased with you.
You visited 6 branches of the dungeon, and saw 29 of its levels.
You visited 1 bazaar.

You collected 3065 gold pieces.
You spent 1983 gold pieces at shops.

Inventory:

Hand Weapons
 a - a +1 fustibalus (weapon)
 b - the +6 rapier of the Extremely Mad {drain, rN++ Dex-2}
   (You took it off a centaur on level 13 of the Dungeon)

   A truly terrible weapon, it drains the life of any living foe it strikes.
   Dex:       It affects your dexterity (-2).
   rN:        It greatly protects you from negative energy.
Missiles
 q - 168 sling bullets (quivered ammo)
 M - a curare-tipped dart
Armour
 s - a +2 robe of resistance (worn)
 x - a +2 pair of boots (worn)
 y - a +2 helmet (worn)
 A - a +2 buckler of reflection (worn)
 Y - a +0 cloak (worn)
Magical Staves
 w - a staff of poison
 W - a staff of air
Jewellery
 h - a ring of poison resistance (right hand)
 J - the ring of the Empty Page (left hand) {Will+ MP+9 Dex+4}
   (You found it on level 2 of the Lair of Beasts)

   [ring of magical power]

   Dex:       It affects your dexterity (+4).
   MP:        It affects your magic capacity (+9).
   Will:      It increases your willpower.
 L - the amulet of Gurel (around neck) {RegenMP Str+3 Dex+7}
   (You bought it in a shop on level 2 of the Orcish Mines)

   [amulet of magic regeneration]

   It increases your rate of magic regeneration.
   Str:       It affects your strength (+3).
   Dex:       It affects your dexterity (+7).
Wands
 d - a wand of digging (6)
 e - a wand of polymorph (22)
 t - a wand of mindburst (27)
 v - a wand of acid (9)
 G - a wand of flame (24)
 I - a wand of paralysis (29)
 K - a wand of iceblast (34)
 S - a wand of charming (24)
Scrolls
 f - 3 scrolls of immolation
 j - a scroll of vulnerability
 m - a scroll of blinking
 C - 6 scrolls of magic mapping
 D - 3 scrolls of fear
 H - 10 scrolls of identify
 P - 6 scrolls of teleportation
 R - 2 scrolls of fog
Potions
 i - 8 potions of ambrosia
 k - 6 potions of attraction
 n - 4 potions of resistance
 p - 5 potions of heal wounds
 r - 2 potions of curing
 B - a potion of magic
 O - a potion of lignification
 Q - 2 potions of haste
 U - 2 potions of cancellation
Miscellaneous
 g - a lightning rod (1/4)


   Skills:
 - Level 7.0 Fighting
 - Level 5.0 Armour
 - Level 9.0 Dodging
 - Level 7.0 Stealth
 + Level 4.3 Shields
 + Level 17.6 Spellcasting
 - Level 12.0 Conjurations
 - Level 12.0 Hexes
 - Level 12.0 Translocations
 - Level 9.0 Transmutations
 - Level 5.0 Fire Magic
 - Level 9.0 Air Magic
 - Level 12.0 Earth Magic
 - Level 9.0 Poison Magic
 - Level 9.0 Evocations


You had 11 spell levels left.
You knew the following spells:

 Your Spells              Type           Power      Damage    Failure   Level
b - Searing Ray           Conj           100%       2d8       0%          2
c - Fulminant Prism       Conj/Hex       35%        3d18      1%          4
d - Iskenderun's Mystic   Conj/Tloc      71%        2d14      1%          4
e - Iron Shot             Conj/Erth      35%        9d7       1%          6
f - Airstrike             Air            31%        N/A       1%          4
i - Ignite Poison         Fire/Tmut/Pois 58%        N/A       1%          3
l - Lee's Rapid Deconstr  Erth           35%        3d19*     1%          5
o - Olgreb's Toxic Radia  Pois           63%        N/A       1%          4
r - Irradiate             Conj/Tmut      33%        3d24      1%          5
s - Stone Arrow           Conj/Erth      100%       3d13      1%          3

Your spell library contained the following spells:

 Spells                   Type           Power      Damage    Failure   Level
 Maxwell's Capacitive Co  Air            31%        ∞         61%         8
 Magic Dart               Conj           100%       1d8       0%          1
 Animate Skeleton         Necr           44%        N/A       1%          1
 Freeze                   Ice            88%        1d10      1%          1
 Pain                     Necr           88%        1d8       1%          1
 Corpse Rot               Necr/Air       N/A        N/A       1%          2
 Ensorcelled Hibernation  Hex/Ice        100%       N/A       1%          2
 Passwall                 Tmut/Erth      55%        N/A       1%          2
 Poisonous Vapours        Pois/Air       100%       N/A       1%          2
 Static Discharge         Conj/Air       67%        N/A       1%          2
 Dazzling Flash           Conj/Hex       100%       N/A       1%          3
 Frozen Ramparts          Ice            44%        1d6       1%          3
 Gell's Gravitas          Tloc           35%        N/A       1%          3
 Inner Flame              Hex/Fire       61%        N/A       1%          3
 Lesser Beckoning         Tloc           71%        N/A       1%          3
 Mephitic Cloud           Conj/Pois/Air  66%        N/A       1%          3
 Spider Form              Tmut/Pois      31%        N/A       1%          3
 Teleport Other           Tloc           71%        N/A       1%          3
 Tukima's Dance           Hex            71%        N/A       1%          3
 Cause Fear               Hex            35%        N/A       1%          4
 Hailstorm                Conj/Ice       52%        3d12      1%          4
 Passage of Golubria      Tloc           N/A        N/A       1%          4
 Petrify                  Tmut/Erth      67%        N/A       1%          4
 Sticky Flame             Conj/Fire      61%        2d8       1%          4
 Yara's Violent Unravell  Hex/Tmut       33%        3d14      1%          5
 Eringya's Noxious Bog    Tmut/Pois      31%        N/A       2%          6
 Call Imp                 Summ           22%        N/A       3%          2
 Ice Form                 Ice/Tmut       46%        N/A       3%          4
 Metabolic Englaciation   Hex/Ice        26%        N/A       4%          5
 Summon Forest            Summ/Tloc      26%        N/A       4%          5
 Statue Form              Tmut/Erth      44%        N/A       4%          6
 Vampiric Draining        Necr           11%        2d7       6%          3
 Dispel Undead            Necr           22%        3d12      21%         4
 Summon Ice Beast         Ice/Summ       22%        N/A       21%         4
 Lehudib's Crystal Spear  Conj/Erth      35%        10d9      24%         8
 Dragon Form              Tmut           31%        N/A       41%         7
 Storm Form               Tmut/Air       31%        N/A       41%         7
 Agony                    Necr           22%        N/A       50%         5
 Excruciating Wounds      Necr           11%        N/A       50%         5
 Discord                  Hex            35%        N/A       69%         8
 Simulacrum               Ice/Necr       11%        N/A       97%         6
 Ozocubu's Refrigeration  Ice            11%        4d7       98%         7
 Ignition                 Fire           24%        3d8       98%         8
 Summon Hydra             Summ           11%        N/A       100%        7
 Dragon's Call            Summ           11%        N/A       100%        9


Dungeon Overview and Level Annotations

Branches:
Dungeon (15/15) Temple (1/1) D:5 Lair (6/6) D:11 Swamp (1/4) Lair:2 Spider (4/4) Lair:2 Slime (0/5) Lair:5 Orc (2/2) D:9 Elf (0/3) Orc:2 Vaults (0/5) D:12 D:13 Depths (0/4) D:15

Altars:
Ashenzari
Cheibriados
Gozag
Hepliaklqana
Kikubaaqudgha
Makhleb
Nemelex Xobeh
Okawaru
Qazlal
Ru
Sif Muna
Trog
Uskayaw
Vehumet
Wu Jian
Xom
Yredelemnul
Zin
Beogh

Shops:
D:3 [   D:8 :   D:9 (   D:10 =   Orc:1 ?[!?[   Orc:2 *!(=

Portals:
Pandemonium: Orc:2
Trove: D:12 (show abyssal rune of Zot)

Annotations:
D:11 2 runed translucent doors, FilthyApe's ghost, journeyman MiFi; iamoutofideas's ghost, journeyman HOFi


Message History

You climb upwards.
Welcome back to the Lair of Beasts!
There is a staircase to the Swamp here.
Blink to where?
Press: ? - help, Dir - move target
As you read the scroll of blinking, it crumbles to dust.
You feel much better.
Casting: Stone Arrow (safe; 1% risk of failure)
Confirm with . or Enter, or press ? or * to list all spells.
Aiming: Fulminant Prism (safe; 1% risk of failure)
Press: ? - help, Dir - move target You conjure a prism of explosive energy!
A fulminant prism comes into view.
Casting: Fulminant Prism (safe; 1% risk of failure)
Confirm with . or Enter, or press ? or * to list all spells.
You erupt in a blast of force!
The mystic blast hits the bunyip.
The bunyip is lightly wounded.
The bunyip is knocked back by the mystic blast.
The mystic blast hits the plant!
The plant begins to die.
The plant is lightly damaged.
Your fulminant prism crackles loudly.
Casting: Iskenderun's Mystic Blast (safe; 1% risk of failure)
Confirm with . or Enter, or press ? or * to list all spells.
You erupt in a blast of force!
The mystic blast hits the bunyip but does no damage.
The bunyip is lightly wounded.
The mystic blast hits the plant!
The plant is lightly damaged.
Your fulminant prism explodes!
The blast of energy engulfs the bunyip!!
The bunyip is heavily wounded.
Casting: Iskenderun's Mystic Blast (safe; 1% risk of failure)
Confirm with . or Enter, or press ? or * to list all spells.
Aiming: Fulminant Prism (safe; 1% risk of failure)
Press: ? - help, Dir - move target You conjure a prism of explosive energy!
A fulminant prism comes into view.
The bunyip misses you. The bunyip claws you!
* * * LOW HITPOINT WARNING * * *
The bunyip claws you!!
You die...

#...### #..## #.#
##'##.#########'#### #.#
........#.#..#....P## ##.#
....................# #P.#
........###........## ##.#
........# ####....## #.#
..#+...## #....# ##.# ###..###
##P.## #..# #.....### #.@# #.#^
####....# ##x# ####..# #.##...+##
####.## #.##.##
.........####.##.*# #......
.........#....P#.######## #.##..#
...................#P##.###..^..P
..........#...................#.#
.^........[.≈≈≈§...#######..#...#
...........≈†≈§♣...## ##.....#


You could see a bunyip (ally target) and a friendly fulminant prism.

Vanquished Creatures
  Rupert (D:14)
  Gastronok (Lair:2)
  Agnes (Spider:3)
  Roxanne (Spider:1)
  A fire giant (D:15)
  4 ghost moths
  Louise (D:14)
  Aizul (Spider:1)
  9 emperor scorpions
  The ghost of Goemiynn the Warrior, a journeyman OgTm of Makhleb (Lair:4)
  A bunyip (Lair:2)
  2 entropy weavers
  Harold (D:11)
  A fire dragon (D:14)
  7 hydras
  Erolcha (D:11)
  A rakshasa (D:14)
  4 boulder beetles
  8 centaur warriors
  Erica (Lair:2)
  2 catoblepae
  2 demonspawn (Orc:2)
  A tengu warrior (D:14)
  7 two-headed ogres
  A deep troll shaman (Lair:6)
  The ghost of Zenkrye the Basher, a novice PaAK of Lugonu (D:10)
  10 death yaks
  5 orc high priests (Orc:2)
  Sonja (D:11)
  Urug (D:13)
  Nergalle (D:11)
  4 skeletal warriors
  2 bog bodies (Lair:2)
  A swamp dragon (Swamp:1)
  A deep elf archer (D:12)
  4 deep elf pyromancers
  The ghost of lawman0 the Magician, a novice NaWz of Vehumet (D:5)
  5 orc knights
  27 orb spiders
  35 wolf spiders
  6 orc sorcerers (Orc:2)
  3 cyclopes
  7 ugly things
  2 moths of wrath
  4 manticores
  5 black mambas
  23 elephants
  A smoke demon (Orc:2)
  A gargoyle (D:12)
  14 cane toads
  2 torpor snails
  A cane toad (shapeshifter) (D:14)
  A freezing wraith (D:15)
  3 unseen horrors
  2 rime drakes
  Psyche (D:8)
  An ice devil (Orc:2)
  9 yaktaurs (D:15)
  14 demonic crawlers
  A tengu conjurer (D:14)
  An efreet (D:15)
  8 komodo dragons
  28 jumping spiders
  11 hornets
  5 trolls
  Grinder (D:4)
  6 meliai
  3 polar bears
  7 slime creatures
  Prince Ribbit (D:5)
  33 blink frogs
  11 dream sheep
  A centaur simulacrum (D:15)
  Sigmund (D:4)
  40 tarantellas
  81 redbacks
  6 spriggans (Lair:4)
  9 wyverns
  A vampire (D:12)
  A ynoxinul (D:10)
  2 wraiths
  16 humans (D:13)
  4 basilisks
  2 shadows
  13 yaks
  2 steam dragons
  A chaos spawn (Orc:2)
  4 vampire mosquitoes
  2 acid dragons
  A warg (Orc:2)
  19 water moccasins
  29 orc warriors
  2 swamp drakes
  Duvessa (D:5)
  An ice beast (D:6)
  5 black bears
  8 ogres
  18 centaurs
  16 wolves
  A necrophage (D:6)
  4 kobold brigands
  6 bullfrogs
  A scorpion (D:6)
  Dowan (D:5)
  A water moccasin zombie (D:5)
  11 killer bees (D:9)
  14 wights
  3 electric eels
  3 howler monkeys
  8 centaur zombies
  6 hounds
  22 orc priests
  12 jellies
  A bullfrog skeleton (D:5)
  A gnoll shaman (D:9)
  2 iguanas
  Ijyb (D:2)
  A scorpion zombie (D:3)
  21 orc wizards
  A killer bee zombie (D:9)
  4 hound skeletons
  Robin (D:2)
  2 howler monkey zombies
  11 adders
  A howler monkey skeleton (D:7)
  A shadow imp (D:8)
  A white imp (D:8)
  An ufetubus (D:5)
  An adder skeleton (D:4)
  A worm (D:3)
  88 orcs
  6 endoplasms
  5 giant cockroaches
  8 goblins
  5 hobgoblins
  4 jackals
  3 quokkas
  3 training dummies (D:9)
  9 ball pythons
  6 bats
  2 frilled lizards (D:3)
  20 kobolds
  5 rats
971 creatures vanquished.

Vanquished Creatures (collateral kills)
  2 wolf spiders (Spider:1)
  A redback (Spider:1)
3 creatures vanquished.

Vanquished Creatures (others)
  A kobold (D:8)
  110 fulminant prisms
  41 fungi
  72 plants
  4 toadstools (D:1)
228 creatures vanquished.

Grand Total: 1202 creatures vanquished

Notes
Turn   | Place    | Note
-------+----------+-------------------------------------------
     0 | D:1      | porpoise the Deep Elf Conjurer began the quest for the Orb.
     0 | D:1      | Reached XP level 1. HP: 10/10 MP: 6/6
   281 | D:1      | Reached XP level 2. HP: 15/15 MP: 3/8
   483 | D:1      | Found a faded altar of an unknown god.
   596 | D:1      | Learned a level 2 spell: Searing Ray
  1089 | D:2      | Reached skill level 4 in Spellcasting
  1187 | D:2      | Reached XP level 3. HP: 19/19 MP: 8/10
  1218 | D:2      | Reached skill level 5 in Conjurations
  1226 | D:2      | Found an ancient bone altar of Kikubaaqudgha.
  1297 | D:2      | Noticed Robin
  1310 | D:2      | Killed Robin
  1975 | D:3      | Noticed Ijyb
  2014 | D:2      | Killed Ijyb
  2015 | D:2      | Reached XP level 4. HP: 8/24 MP: 2/12
  2313 | D:2      | Learned a level 4 spell: Fulminant Prism
  2318 | D:2      | Learned a level 4 spell: Iskenderun's Mystic Blast
  2491 | D:3      | Reached skill level 5 in Spellcasting
  2495 | D:3      | Reached skill level 1 in Hexes
  2806 | D:3      | Found Padghu's Armour Emporium.
  3112 | D:3      | Reached XP level 5. HP: 28/28 MP: 5/15
  3429 | D:4      | Found a stormy altar of Qazlal.
  3554 | D:4      | Noticed an ogre
  3560 | D:4      | Killed an ogre
  3561 | D:4      | Reached skill level 6 in Spellcasting
  3561 | D:4      | Reached XP level 6. HP: 32/32 MP: 9/17
  3911 | D:4      | Noticed Grinder
  3913 | D:4      | Paralysed by Grinder for 4 turns
  3919 | D:4      | Reached skill level 7 in Spellcasting
  3921 | D:4      | Killed Grinder
  3922 | D:4      | Reached XP level 7. HP: 3/36 MP: 5/19
  3927 | D:4      | Noticed Sigmund
  4213 | D:4      | Killed Sigmund
  4214 | D:4      | Reached skill level 1 in Translocations
  4785 | D:4      | Reached skill level 8 in Spellcasting
  5062 | D:5      | Entered Level 5 of the Dungeon
  5221 | D:5      | Noticed Duvessa
  5225 | D:5      | Noticed Dowan
  5227 | D:5      | Killed Duvessa
  5228 | D:5      | Reached XP level 8. HP: 41/41 MP: 11/22
  5230 | D:5      | Killed Dowan
  5801 | D:5      | Noticed Prince Ribbit
  5808 | D:5      | Reached skill level 9 in Spellcasting
  5953 | D:5      | Killed Prince Ribbit
  5954 | D:5      | Reached skill level 5 in Translocations
  6067 | D:5      | Found a staircase to the Ecumenical Temple.
  6076 | Temple   | Entered the Ecumenical Temple
  6096 | Temple   | Became a worshipper of Vehumet
  6475 | D:5      | Found a runed translucent door.
  6482 | D:5      | Noticed lawman0's ghost (novice NaWz)
  6501 | D:5      | Reached skill level 1 in Fighting
  6504 | D:5      | Killed lawman0's ghost
  6505 | D:5      | Reached skill level 10 in Spellcasting
  6505 | D:5      | Reached XP level 9. HP: 11/49 MP: 6/25
  7415 | D:6      | Found a shimmering blue altar of Sif Muna.
  7686 | D:6      | Reached skill level 11 in Spellcasting
  7791 | D:6      | Noticed a two-headed ogre
  7805 | D:6      | Killed a two-headed ogre
  7806 | D:6      | Reached skill level 5 in Dodging
  7810 | D:6      | Reached skill level 12 in Spellcasting
  8160 | D:6      | Found a large runed translucent door.
  8160 | D:6      | Found a large runed translucent door.
  8685 | D:6      | Found a burning altar of Makhleb.
  8699 | D:6      | Found an ancient bone altar of Kikubaaqudgha.
  9359 | D:7      | Reached XP level 10. HP: 56/56 MP: 23/28
 10784 | D:8      | Reached skill level 1 in Evocations
 10878 | D:8      | Found Duqoh's Book Shop.
 10931 | D:8      | Found a basalt altar of Yredelemnul.
 10932 | D:8      | Found a hazy altar of Hepliaklqana.
 10934 | D:8      | Found an ornate altar of the Wu Jian Council.
 10934 | D:8      | Found a sacrificial altar of Ru.
 10934 | D:8      | Found a shimmering altar of Xom.
 10936 | D:8      | Found a glowing silver altar of Zin.
 10936 | D:8      | Found a snail-covered altar of Cheibriados.
 10937 | D:8      | Found a sparkling altar of Nemelex Xobeh.
 11147 | D:8      | Noticed Psyche
 11266 | D:8      | Killed Psyche
 11266 | D:8      | Reached * piety under Vehumet
 11266 | D:8      | Offered knowledge of Sandblast by Vehumet.
 11892 | D:8      | Reached skill level 5 in Evocations
 12745 | D:9      | Found a runed translucent door.
 12746 | D:9      | Noticed a manticore
 13106 | D:9      | Reached skill level 5 in Stealth
 13258 | D:9      | Noticed a two-headed ogre
 13263 | D:9      | Killed a two-headed ogre
 13264 | D:9      | Reached XP level 11. HP: 52/60 MP: 20/29
 13394 | D:9      | Reached ** piety under Vehumet
 13472 | D:9      | Found a staircase to the Orcish Mines.
 13546 | D:9      | Offered knowledge of Shock by Vehumet.
 13766 | D:9      | Found Yphett's Firing Range.
 14474 | D:9      | Offered knowledge of Scorch by Vehumet.
 14484 | D:9      | HP: 3/60 [acid dragon (7)]
 15069 | D:10     | Entered Level 10 of the Dungeon
 15081 | D:10     | Noticed Zenkrye's ghost (novice PaAK)
 15093 | D:10     | Reached *** piety under Vehumet
 15153 | D:10     | Found a runed translucent door.
 15180 | D:10     | Noticed a two-headed ogre
 15319 | D:10     | Noticed a two-headed ogre
 15326 | D:10     | Killed a two-headed ogre
 15327 | D:10     | Reached skill level 13 in Spellcasting
 15652 | D:10     | Found Piott's Jewellery Shoppe.
 15753 | D:10     | Killed a two-headed ogre
 15754 | D:10     | Reached skill level 14 in Spellcasting
 16322 | D:10     | Killed Zenkrye's ghost
 16384 | D:10     | Got the Compendium of Clay
 16390 | D:10     | Learned a level 3 spell: Stone Arrow
 16397 | D:10     | Learned a level 6 spell: Iron Shot
 16403 | D:10     | Learned a level 5 spell: Lee's Rapid Deconstruction
 16444 | D:11     | Noticed Nergalle
 16448 | D:11     | Reached skill level 1 in Earth Magic
 16449 | D:11     | Offered knowledge of Airstrike by Vehumet.
 16602 | D:11     | Noticed Sonja
 16605 | D:11     | Noticed Erolcha
 16607 | D:11     | Killed Erolcha
 16610 | D:11     | Killed Sonja
 16807 | D:11     | Found a staircase to the Lair.
 16932 | D:11     | Noticed a green ugly thing
 16939 | D:11     | Killed a green ugly thing
 16940 | D:11     | Reached skill level 5 in Fighting
 16940 | D:11     | Reached XP level 12. HP: 66/68 MP: 20/32
 17478 | D:11     | Reached skill level 5 in Earth Magic
 17524 | D:11     | Noticed a two-headed ogre
 17708 | D:11     | Killed Nergalle
 17908 | D:11     | Noticed iamoutofideas's ghost (journeyman HOFi)
 17909 | D:11     | Noticed FilthyApe's ghost (journeyman MiFi)
 17909 | D:11     | Noticed a vault warden
 17909 | D:11     | Noticed an ironbound preserver
 17910 | D:11     | Found a large runed translucent door.
 17910 | D:11     | Found a large runed translucent door.
 18245 | D:11     | Noticed a four-headed hydra
 18254 | D:11     | Killed a four-headed hydra
 18343 | D:11     | Killed a two-headed ogre
 18675 | D:11     | Noticed a four-headed hydra
 18680 | D:11     | Killed a four-headed hydra
 19235 | D:11     | Noticed Harold
 19240 | D:11     | Killed Harold
 19373 | D:11     | Learned a level 4 spell: Airstrike
 20029 | D:12     | Reached skill level 1 in Air Magic
 20197 | D:12     | Found a portal to a secret trove of treasure.
 21172 | Lair:1   | Entered Level 1 of the Lair of Beasts
 21866 | Lair:1   | Reached XP level 13. HP: 72/72 MP: 27/33
 22437 | D:8      | Bought the Almanac of Moulding for 374 gold pieces
 22443 | D:8      | Learned a level 5 spell: Irradiate
 22656 | Lair:2   | Reached **** piety under Vehumet
 22658 | Lair:2   | Reached skill level 1 in Transmutations
 22658 | Lair:2   | Offered knowledge of Ignite Poison by Vehumet.
 22660 | Lair:2   | Reached skill level 5 in Air Magic
 22669 | Lair:2   | Noticed Erica
 22672 | Lair:2   | Killed Erica
 22977 | Lair:2   | Found a staircase to the Swamp.
 23422 | Lair:2   | Found a hole to the Spider Nest.
 23533 | Lair:2   | Noticed Gastronok
 23547 | Lair:2   | Killed Gastronok
 23741 | Lair:2   | Reached skill level 5 in Transmutations
 23804 | Lair:2   | Identified the ring of the Empty Page {Will+ MP+9 Dex+4}
 24889 | Lair:2   | Identified the +1 leather armour of Eczew {Rampage *Corrode
                  | rN+}
 26603 | Lair:3   | Reached skill level 10 in Conjurations
 27657 | Lair:4   | Reached XP level 14. HP: 70/78 MP: 2/34
 28333 | Lair:4   | Learned a level 3 spell: Ignite Poison
 28338 | Lair:4   | Learned a level 4 spell: Olgreb's Toxic Radiance
 28352 | Lair:4   | Reached skill level 1 in Poison Magic
 28714 | Lair:4   | Found a transporter.
 28720 | Lair:4   | Found a transporter.
 28733 | Lair:4   | Found a bloodstained altar of Trog.
 28757 | Lair:4   | Noticed Goemiynn's ghost (journeyman OgTm)
 28878 | Lair:4   | Identified the +2 robe of Tyriric {Stlth+}
 28884 | Lair:4   | Reached ***** piety under Vehumet
 28889 | Lair:4   | Killed Goemiynn's ghost
 28889 | Lair:4   | Offered knowledge of Starburst by Vehumet.
 29547 | Lair:5   | Found a staircase to the Slime Pits.
 29570 | Lair:5   | Reached skill level 1 in Shields
 31608 | Lair:5   | Reached skill level 5 in Poison Magic
 32117 | D:13     | Noticed Urug
 32117 | D:13     | Found a gate to the Vaults.
 32125 | D:13     | Killed Urug
 32938 | D:13     | Identified the +6 rapier of the Extremely Mad {drain, rN++
                  | Dex-2}
 32947 | D:13     | Offered knowledge of Sticky Flame by Vehumet.
 33683 | D:13     | Identified the amulet of Viocwup {Reflect Harm SH+5}
 33966 | D:14     | Noticed Rupert
 33982 | D:14     | Reached skill level 1 in Fire Magic
 33986 | D:14     | Killed Rupert
 33987 | D:14     | Reached skill level 15 in Spellcasting
 34350 | D:14     | Noticed Louise
 34355 | D:14     | Identified the ring "Conumu Hukyu" {rC+ MP+9}
 34378 | D:14     | Reached XP level 15. HP: 63/82 MP: 13/36
 34802 | Orc:1    | Entered Level 1 of the Orcish Mines
 34990 | Orc:1    | Found Vadam's Antique Armour Shoppe.
 34993 | Orc:1    | Bought a runed helmet for 202 gold pieces
 35043 | Orc:2    | Entered Level 2 of the Orcish Mines
 35045 | Orc:2    | Found an iron altar of Okawaru.
 35112 | Orc:2    | Found a flickering gateway to a bazaar.
 35136 | Bazaar   | Entered a bazaar
 35329 | Bazaar   | Found Foekluth's Armour Boutique.
 35333 | Bazaar   | Found Xeoskawn's Antique Armour Boutique.
 35333 | Bazaar   | Found Horir's Weapon Boutique.
 35333 | Bazaar   | Found Raph's Assorted Antiques.
 35382 | Bazaar   | Bought a fine leather armour for 203 gold pieces
 35382 | Bazaar   | Identified the +4 leather armour of Zagi {Str+5 Stlth+}
                  | (You bought it in a shop in a bazaar)
 35398 | Orc:2    | Offered knowledge of Spellforged Servitor by Vehumet.
 35933 | Orc:1    | Found Jymoe's Magic Scroll Shop.
 35971 | Orc:1    | Found Telagay's Magic Scroll Emporium.
 36022 | Orc:1    | Bought a scroll of fear for 45 gold pieces
 36190 | Orc:1    | Found Rasas's Distillery.
 36197 | Orc:1    | Bought a potion of heal wounds for 80 gold pieces
 36359 | Orc:1    | Found Kitaqe Funt's Antique Armour Shoppe.
 36610 | Orc:2    | Found a staircase to the Elven Halls.
 37337 | Orc:2    | Found Qeotteodd's General Store.
 37339 | Orc:2    | Found Utyjub's Distillery.
 37345 | Orc:2    | Reached skill level 16 in Spellcasting
 37345 | Orc:2    | Reached skill level 5 in Fire Magic
 37757 | Orc:2    | Bought a potion of heal wounds for 75 gold pieces
 38053 | Orc:2    | Reached skill level 10 in Earth Magic
 38293 | Orc:2    | Found Itzoreu's Jewellery Emporium.
 38293 | Orc:2    | Found Jeurphy's Antique Weapon Shoppe.
 38302 | Orc:2    | Reached skill level 10 in Hexes
 38374 | Orc:2    | Found a one-way gate leading to the halls of Pandemonium.
 38380 | Orc:2    | Bought the amulet of Gurel {RegenMP Str+3 Dex+7} for 812
                  | gold pieces
 38545 | D:14     | Killed Louise
 38624 | D:14     | You fall into a shaft and drop 1 floor!
 38624 | D:15     | Entered Level 15 of the Dungeon
 38996 | D:15     | Noticed a fire giant
 38997 | D:15     | Found a staircase to the Depths.
 39082 | D:15     | Killed a fire giant
 39795 | D:15     | HP: 4/82 [yaktaur/bolt (14)]
 39994 | D:15     | Offered knowledge of Lightning Bolt by Vehumet.
 40879 | Lair:1   | Upgraded the game from 0.28-a0-612-gcfc00ec14d to
                  | 0.28-a0-620-g539b0f7ac7
 40970 | Lair:6   | Entered Level 6 of the Lair of Beasts
 41224 | Lair:6   | Reached skill level 1 in Armour
 42460 | Lair:6   | Reached XP level 16. HP: 87/87 MP: 12/38
 44109 | Spider:1 | Entered Level 1 of the Spider Nest
 44109 | Spider:1 | Noticed Roxanne
 44114 | Spider:1 | Killed Roxanne
 44835 | Spider:1 | Offered knowledge of Conjure Ball Lightning by Vehumet.
 45057 | Spider:1 | Reached skill level 5 in Armour
 45227 | Spider:1 | Noticed Aizul
 45232 | Spider:1 | Killed Aizul
 45733 | Spider:1 | You fall into a shaft and drop 1 floor!
 45883 | Spider:2 | Reached skill level 10 in Translocations
 46472 | Spider:1 | Reached ****** piety under Vehumet
 47282 | Spider:2 | Offered knowledge of Freezing Cloud by Vehumet.
 48621 | Spider:3 | Noticed Agnes
 48628 | Spider:3 | Killed Agnes
 50511 | Spider:4 | Entered Level 4 of the Spider Nest
 50516 | Spider:4 | Reached XP level 17. HP: 92/92 MP: 39/39
 52177 | Spider:4 | Offered knowledge of Maxwell's Capacitive Coupling by
                  | Vehumet.
 54192 | Spider:4 | Reached skill level 17 in Spellcasting
 55549 | Orc:1    | Bought a scroll of fog for 22 gold pieces
 55549 | Orc:1    | Bought 3 scrolls of teleportation for 99 gold pieces
 55578 | Orc:1    | Bought a scroll of fog for 26 gold pieces
 55578 | Orc:1    | Bought a scroll of magic mapping for 45 gold pieces
 56379 | Spider:4 | Identified a scroll of acquirement
 56380 | Spider:4 | Acquired 574 gold pieces
 57116 | Spider:4 | Got a gossamer rune of Zot
 57502 | Swamp:1  | Entered Level 1 of the Swamp
 57664 | Lair:2   | Mangled by a bunyip

Illustrated notes

Levels and vault maps discovered:
D:1:      ldierk_walled_garden_2, layout_basic, ebering_ecumenical_altar_hall,
          minmay_heptomino_h4
D:2:      layout_loops_cross, basic_altar, uniq_robin
D:3:      layout_loops_ring, serial_shops, nicolae_shop_stone, uniq_ijyb
D:4:      layout_rooms, nicolae_qazlal_scattered_showers, uniq_grinder,
          uniq_sigmund
D:5:      layout_loops_ring, minmay_temple_entry_mini_moons,
          ebering_ghost_sewer_d, nrook_campfire, uniq_duvessa,
          uniq_prince_ribbit1
D:6:      minmay_chambers_of_sixes, layout_basic,
          mainiacjoe_overflow_tiny_flanked, jmf_multi_god_temple2
D:7:      layout_cave_pools, minmay_crossroads
D:8:      layout_basic, grunt_temple_overflow_open, serial_shops, shop,
          minmay_crystal_water, nicolae_benzene_ring, kennysheep_small_square,
          uniq_psyche
D:9:      layout_cave_pools, erik_orc_1, serial_co_window_serial,
          co_window_of_opportunity_a, co_window_corner_a, co_window_paths_b,
          co_window_of_opportunity_a, co_window_corner_a, co_window_corner_a,
          co_window_paths_a, co_window_paths_a, co_window_paths_b,
          co_window_corner_b, co_window_cross_2, co_window_paths_c,
          co_window_of_opportunity_c, co_window_paths_c, co_window_broadway_c,
          glass_columns_c, glass_columns_a, glass_columns_c, glass_columns_b,
          glass_columns_b, minmay_st_funbox, nicolae_shop_firing_range
D:10:     hellmonk_ghost_big_iron, layout_gridville, serial_shops,
          nicolae_shop_competitors_out_of_business
D:11:     minmay_slanted_spiral_squares, layout_cave_pools, lair_entry_dummy,
          advil_vaults_ghost_guards, uniq_sonja, uniq_nergalle, uniq_erolcha,
          uniq_harold
D:12:     layout_irregular_city, enter_trove_1
D:13:     layout_basic, david_vaults_3, kennysheep_crisscross
D:14:     layout_basic, uniq_rupert, uniq_louise
D:15:     grunt_enter_depths_giant_problem, layout_loops_cross,
          minmay_misc_feat_square
Temple:   eino_wide_crystal_templ
Lair:1:   layout_loops_ring, infiniplex_staircase_pool_2
Lair:2:   layout_roguey, skrybe_swamp_entry_bodies, spider_nest_entry_webs,
          nzn_random_ring, uniq_gastronok, uniq_erica
Lair:3:   layout_cave_pods, beast_lair_carwin_5, grunt_megastairs_4
Lair:4:   layout_long_grid, gammafunk_ghost_wrathful_warriors
Lair:5:   layout_gridlike, minmay_slime_entry_jelly_boxes,
          grunt_forest_small_clearing_treed, serial_bayou_shore_b
Lair:6:   grunt_lair_end_beastmaster, layout_regular_city, grunt_megastairs_3
Swamp:1:  layout_basic_swamp, evilmike_swamp_ruin_house_5,
          infiniplex_staircase_pool, uniq_josephine
Spider:1: nicolae_spider_hilbert_zone_4 [nicolae_spider_hilbert_4_sides_2_open,
          nicolae_spider_hilbert_4_sides_1_open,
          nicolae_spider_hilbert_4_sides_1_open,
          nicolae_spider_hilbert_4_sides_1_open,
          nicolae_spider_hilbert_4_sides_1_open,
          nicolae_spider_hilbert_2_sides_1_open,
          nicolae_spider_hilbert_2_sides_1_open,
          nicolae_spider_hilbert_2_sides_1_open,
          nicolae_spider_hilbert_2_sides_1_open,
          nicolae_spider_hilbert_6_sides_1_open,
          nicolae_spider_hilbert_6_sides_1_open,
          nicolae_spider_hilbert_3_sides_1_open,
          nicolae_spider_hilbert_3_sides_1_open], uniq_aizul, uniq_roxanne
Spider:2: layout_spider_delve
Spider:3: layout_spider_delve, drop_trap, hangedman_spider_tarantella_strand,
          nicolae_spider_cling_halls, uniq_agnes
Spider:4: grunt_spider_rune_island, drop_trap
Orc:1:    layout_diamond_mine, serial_shops, nicolae_shop_behind_doors, shop,
          nicolae_shop_behind_doors, shop, nicolae_shop_trees
Orc:2:    pf_orc_diabolical, layout_caves, basic_altar, serial_shops,
          bzr_entry_gold, okawaru_metal_pillars_3

Skill      XL: |  1  2  3  4  5  6  7  8  9 10 11 12 13 14 15 16 17 |
---------------+----------------------------------------------------+-----
Spellcasting   | 4 5 6 7 8 10 12 14 15 16 17 | 17.6
Conjurations   | 5 7 8 9 10 12 | 12.0
Hexes          | 2 3 6 7 9 12 | 12.0
Translocations | 3 5 7 9 11 12 | 12.0
Fighting       | 2 3 5 7 |  7.0
Dodging        | 7 8 9 |  9.0
Evocations     | 5 7 9 |  9.0
Stealth        | 5 7 |  7.0
Earth Magic    | 4 9 12 | 12.0
Air Magic      | 4 7 9 |  9.0
Transmutations | 7 8 9 |  9.0
Poison Magic   | 7 9 |  9.0
Shields        | 4 |  4.3
Fire Magic     | 3 5 |  5.0
Armour         | 3 5 |  5.0

Action                   |  1- 3 |  4- 6 |  7- 9 | 10-12 | 13-15 | 16-18 || total
-------------------------+-------+-------+-------+-------+-------+-------++-------
Melee: Short sword       |     2 |       |       |    18 |       |       ||    20
       Spear             |     2 |       |       |       |       |       ||     2
       Fustibalus        |       |       |       |     1 |       |       ||     1
       Dagger            |       |       |       |       |     8 |       ||     8
       Rapier            |       |       |       |       |     6 |    22 ||    28
 Fire: Hunting sling     |       |     9 |    77 |     7 |       |       ||    93
       Fustibalus        |       |       |       |    66 |    85 |    31 ||   182
Throw: Dart              |       |       |       |       |     9 |       ||     9
 Cast: Magic Dart        |    48 |    19 |     5 |     5 |       |       ||    77
       Searing Ray       |     7 |    17 |    49 |    89 |    34 |    22 ||   218
       Fulminant Prism   |       |     1 |    12 |    47 |    33 |    18 ||   111
       Iskenderun's Myst |       |       |    18 |    67 |   127 |   124 ||   336
       Lee's Rapid Decon |       |       |       |    39 |   173 |    41 ||   253
       Stone Arrow       |       |       |       |    48 |   173 |   154 ||   375
       Iron Shot         |       |       |       |     7 |    55 |    78 ||   140
       Ignite Poison     |       |       |       |       |    40 |    36 ||    76
       Olgreb's Toxic Ra |       |       |       |       |    26 |    31 ||    57
       Irradiate         |       |       |       |       |     4 |     9 ||    13
       Airstrike         |       |       |       |       |    10 |       ||    10
Evoke: Wand              |       |       |       |     5 |    10 |    24 ||    39
       Lightning rod     |       |       |       |       |       |     9 ||     9
  Use: Scroll            |     2 |       |    10 |    10 |    11 |     5 ||    38
       Potion            |       |       |       |     4 |     5 |     9 ||    18
 Stab: Paralysed         |       |       |       |     9 |     9 |     7 ||    25
       Sleeping          |       |       |       |       |     1 |       ||     1
Armor: Robe              |     3 |     2 |    14 |    31 |    22 |   146 ||   218
Dodge: Dodged            |    10 |     4 |    19 |   137 |   174 |   325 ||   669
Block: Buckler           |       |       |       |       |    53 |   158 ||   211
       Reflection        |       |       |       |       |    19 |     1 ||    20

Table legend: (Time is in decaauts)
 A = Elapsed time spent in this place.
 B = Non-inter-level travel time spent in this place.
 C = Inter-level travel time spent in this place.
 D = Time resting spent in this place.
 E = Time spent auto-exploring this place.
 F = Levels seen in this place.
 G = Mean time per level.
                   A        B        C        D        E       F      G
               +--------+--------+--------+--------+--------+-----+--------+
         Total |  57868 |  54888 |   2980 |  33359 |  14270 |  30 | 1928.9 |
       Dungeon |  26756 |  25656 |   1100 |  14910 |   7605 |  15 | 1783.7 |
        Temple |     30 |     20 |     10 |      0 |     15 |   1 |   30.0 |
          Lair |  15291 |  14240 |   1051 |   8236 |   4302 |   6 | 2548.5 |
         Swamp |     12 |     12 |      0 |      0 |      0 |   1 |   12.0 |
   Spider Nest |  12010 |  11387 |    623 |   8074 |   1732 |   4 | 3002.5 |
  Orcish Mines |   3516 |   3322 |    194 |   1946 |    616 |   2 | 1758.0 |
        Bazaar |    250 |    250 |      0 |    191 |      0 |   1 |  250.0 |
               +--------+--------+--------+--------+--------+-----+--------+

Top non-repeatable levels by time:
Spider:3: 7121 daAuts
  Lair:2: 3819 daAuts
    D:11: 2827 daAuts
     D:9: 2782 daAuts
    D:12: 2711 daAuts
   Orc:2: 2561 daAuts
  Lair:6: 2542 daAuts
  Lair:4: 2526 daAuts
  Lair:5: 2500 daAuts
    D:10: 2236 daAuts
Spider:4: 2119 daAuts
  Lair:3: 2072 daAuts
     D:7: 1937 daAuts
     D:8: 1903 daAuts
  Lair:1: 1830 daAuts
